 Seeded DCSS version 0.29-a0-541-gaf1fc19f1b (webtiles) character file.

Game seed: 5998305543906830551 (custom seed)

6 swifteh the Ducker (level 1, 0/12 HPs)
             Began as a Vampire Gladiator on June 2, 2022.
             Slain by a jackal (1 damage)
             ... on level 1 of the Dungeon.
             The game lasted 00:02:47 (234 turns).

swifteh the Ducker (Vampire Gladiator)               Turns: 234, Time: 00:02:47

Health: 0/12       AC:  4    Str: 13    XL:     1   Next: 75%
Magic:  1/1        EV: 12    Int: 10    God:
Gold:   12         SH:  0    Dex: 15    Spells: 0/0 levels left

rFire   . . .      SeeInvis +   h - +0 whip
rCold   . . .      Faith    .   (no shield)
rNeg    . . .      Spirit   .   a - +0 leather armour
rPois   .          Reflect  .   b - +0 helmet
rElec   .          Harm     .   (no cloak)
rCorr   .          Rampage  .   (no gloves)
Will    .....                   (no boots)
Stlth   +.........              (no amulet)
HPRegen 0.24/turn               (no ring)
MPRegen 0.07/turn               (no ring)

@: healing quickly
A: alive, fangs 3, see invisible, vampiric 1, [frail 2]
a: Exsanguinate


You were on level 1 of the Dungeon.
You visited 1 branch of the dungeon, and saw 1 of its levels.

You collected 12 gold pieces.

Inventory:

Hand Weapons
 g - a +0 dagger
 h - a +0 whip (weapon)
Missiles
 c - 3 throwing nets (quivered)
Armour
 a - a +0 leather armour (worn)
 b - a +0 helmet (worn)
Scrolls
 e - a scroll of blinking {unknown}
 f - a scroll of enchant armour {unknown}
 i - a scroll of fear {unknown}


   Skills:
 + Level 1.9 Fighting
 + Level 0.1 Maces & Flails
 + Level 1.5 Throwing
 + Level 3.4 Dodging
 + Level 3.4 Unarmed Combat


You couldn't memorise any spells.
You didn't know any spells.
Your spell library was empty.

Dungeon Overview and Level Annotations

Branches:
Dungeon (1/15)

Altars:


Innate Abilities, Weirdness & Mutations

Your natural rate of healing is accelerated.
You have razor-sharp teeth.
You have supernaturally acute eyesight. (SInv)
You are afflicted with vampirism.
[You are very frail. (-20% HP)]


Message History

The jackal barely misses you.
The jackal bites you but does no damage.
The jackal barely misses you. x2
You hit the jackal.
You kill the jackal!
The jackal closely misses you. The jackal completely misses you.
The jackal closely misses you.
You barely miss the hobgoblin. The jackal closely misses you. x2
The hobgoblin closely misses you.
The jackal bites you but does no damage.
You hit the hobgoblin.
The hobgoblin is lightly wounded.
The jackal barely misses you.
The jackal bites you but does no damage.
The hobgoblin barely misses you. The jackal closely misses you.
You hit the hobgoblin but do no damage. Your bite misses the hobgoblin.
The hobgoblin is lightly wounded.
The jackal closely misses you.
The jackal bites you but does no damage.
The hobgoblin barely misses you. The jackal misses you.
You hit the hobgoblin but do no damage.
You bite the hobgoblin, but do no damage.
The hobgoblin is lightly wounded.
The jackal barely misses you.
The jackal bites you but does no damage.
The hobgoblin hits you. The jackal completely misses you.
You hit the hobgoblin but do no damage.
The hobgoblin is lightly wounded.
The jackal misses you. The jackal closely misses you.
The hobgoblin barely misses you. The jackal barely misses you.
You closely miss the hobgoblin.
The hobgoblin is lightly wounded.
The jackal barely misses you. The jackal bites you. The hobgoblin hits you.
* * * LOW HITPOINT WARNING * * *
The jackal misses you.
You hit the hobgoblin but do no damage.
The hobgoblin is lightly wounded.
The jackal bites you but does no damage.
The jackal bites you.
You die...

#..................
.##...8..∩.._.....∩.....
.................!...?..
#...................
#.♣..∩..∩..8..∩.....
#####.............).....
......................>.
####..8..∩.....∩.h∩.....
#..).........@g....(. #
#.)...........h.#####
####..∩..♣..∩.....8#
...##...############
.....#### ...#.# ...#.#
...#.# ...#.#


You could see 2 jackals and a hobgoblin.

Vanquished Creatures
  A goblin (D:1)
  A jackal (D:1)
  2 kobolds (D:1)
  A ball python (D:1)
5 creatures vanquished.

Notes
Turn   | Place    | Note
-------+----------+-------------------------------------------
     0 | D:1      | swifteh the Vampire Gladiator began the quest for the Orb.
     0 | D:1      | Reached XP level 1. HP: 16/16 MP: 1/1
   190 | D:1      | Found a faded altar of an unknown god.
   234 | D:1      | Slain by a jackal

Illustrated notes

Levels and vault maps discovered:
D:1:      nzn_arrival_crosshair, layout_basic,
          hellmonk_ecumenical_altar_arch_garden

Action                   || total
-------------------------++-------
Melee: Whip              ||    20
       Unarmed           ||    10
       Bite              ||     3
Throw: Javelin           ||     1
       Throwing net      ||     1
 Abil: Exsanguinate      ||     2
       Revivify          ||     2
Armor: Leather armour    ||    21
Dodge: Dodged            ||    53

Table legend: (Time is in decaauts)
 A = Elapsed time spent in this place.
 B = Non-inter-level travel time spent in this place.
 C = Inter-level travel time spent in this place.
 D = Time resting spent in this place.
 E = Time spent auto-exploring this place.
 F = Levels seen in this place.
 G = Mean time per level.
                   A        B        C        D        E       F      G
               +--------+--------+--------+--------+--------+-----+--------+
         Total |    234 |    234 |      0 |     33 |    103 |   1 |  234.0 |
       Dungeon |    234 |    234 |      0 |     33 |    103 |   1 |  234.0 |
               +--------+--------+--------+--------+--------+-----+--------+

Top non-repeatable levels by time:
     D:1: 234 daAuts
